 Dungeon Crawl Stone Soup version 0.31-a0-986-g5e6e4ef867 (webtiles) character file.

Game seed: 1426377589652396656

166 Naiya55 the Trooper (level 5, -12/43 HPs)
             Began as a Formicid Fighter on Nov 4, 2023.
             Mangled by Crazy Yiuf
             ... wielding a +3 quarterstaff of chaos
              (14 damage)
             ... on level 2 of the Dungeon.
             The game lasted 00:03:31 (2197 turns).

Naiya55 the Trooper (Formicid Fighter)              Turns: 2197, Time: 00:03:31

Health: -12/43     AC:  8    Str: 22    XL:     5   Next: 76%
Magic:  0/5        EV:  8    Int:  8    God:
Gold:   85         SH:  9    Dex: 13    Spells: 4/4 levels left

rFire   . . .        a - +0 war axe
rCold   . . .        d - +0 kite shield
rNeg    . . .        b - +0 scale mail
rPois   .            (helmet unavailable)
rElec   .            (no cloak)
rCorr   .            o - +0 pair of gloves
SInv    +            (no boots)
Will    .....        g - amulet of guardian spirit Stlth
                     (no ring)
HPRegen 0.27/turn    (no ring)
MPRegen 0.09/turn

%: guardian spirit
@: no status effects
A: permanent stasis, dig shafts and tunnels, antennae 3, four strong arms
a: Dig, Shaft Self


You were on level 2 of the Dungeon.
You visited 1 branch of the dungeon, and saw 2 of its levels.

You collected 85 gold pieces.

Inventory:

Hand Weapons
 a - a +0 war axe (weapon)
Missiles
 n - 5 javelins
Armour
 b - a +0 scale mail (worn)
 d - a +0 kite shield (worn)
 o - a +0 pair of gloves (worn)
Jewellery
 g - an amulet of guardian spirit (around neck)
Scrolls
 f - a scroll of poison {unknown}
 h - a scroll of fog {unknown}
 i - 2 scrolls of blinking {unknown}
 k - a scroll of identify {unknown}
 p - a scroll of enchant armour {unknown}
Potions
 c - 2 potions of haste {unknown}
 e - 2 potions of magic {unknown}
 j - a potion of ambrosia {unknown}
 l - a potion of degeneration {unknown}
 m - a potion of berserk rage {unknown}
 q - a potion of lignification {unknown}


   Skills:
 + Level 4.6 Fighting
 * Level 4.6 Axes
 - Level 3.2 Armour
 - Level 4.0 Shields


You had 4 spell levels left.
You didn't know any spells.
Your spell library contained the following spells:

 Spells                   Type           Power      Damage    Failure   Level
 Gell's Gravitas          Tloc           0%         N/A       100%        3
 Teleport Other           Tloc           0%         N/A       100%        3
 Dispersal                Tloc           0%         N/A       100%        6


Dungeon Overview and Level Annotations

Branches:
Dungeon (2/15)

Altars:

Annotations:
D:2 Crazy Yiuf


Innate Abilities, Weirdness & Mutations

You cannot be hasted, slowed, berserked, paralysed or teleported.
You can dig through walls and to a lower floor.
You have a pair of large antennae on your head. (SInv)
Your four strong arms can wield two-handed weapons with a shield.


Message History

Crazy Yiuf freezes you.
Crazy Yiuf hits you with a +3 quarterstaff of chaos!
You feel your power leaking away.
You hit Crazy Yiuf.
Crazy Yiuf is moderately wounded.
Crazy Yiuf closely misses you.
You hit Crazy Yiuf.
Crazy Yiuf is heavily wounded.
Crazy Yiuf hits you with a +3 quarterstaff of chaos!
Crazy Yiuf completely misses you.
You are too injured to fight recklessly!
You are too injured to fight recklessly!
You are too injured to fight recklessly!
You are too injured to fight recklessly!
You are too injured to fight recklessly!
You are too injured to fight recklessly!
You are too injured to fight recklessly!
You are too injured to fight recklessly!
You are too injured to fight recklessly!
You are too injured to fight recklessly!
You are too injured to fight recklessly!
You are too injured to fight recklessly!
You are too injured to fight recklessly!
You are too injured to fight recklessly!
You are too injured to fight recklessly!
You are too injured to fight recklessly!
You hit Crazy Yiuf.
Crazy Yiuf is almost dead.
You block Crazy Yiuf's attack.
You barely miss Crazy Yiuf.
Crazy Yiuf is almost dead.
Crazy Yiuf hits you but does no damage.
Crazy Yiuf hits you with a +3 quarterstaff of chaos!
* * * LOW HITPOINT WARNING * * *
Crazy Yiuf burns you.
* * * LOW HITPOINT WARNING * * *
You hit Crazy Yiuf.
Crazy Yiuf is almost dead.
Crazy Yiuf hits you with a +3 quarterstaff of chaos!
You die...

......#.#######....####
#.# #.....#.# #....#
####.# .)....#.# #....#
##.)..# ..#...#.#
##...# ####..####
..#...#.# ##.## #....##
..#...#.#### ##.#
#....# ..#..<.....#
#.## ##>.########
........##.# ##.#
#...........
.##.##..##)# #@##
##.#########
........##.# #g# ###
.##.##.###.# ...
..#.##.# #.# #...#
###.##.# #.# #)..#
.....#.###.# #####
###..#.....#
#..######## ###
#.)...)...# #.#


You could see Crazy Yiuf.

Vanquished Creatures
  A hound (D:2)
  Robin (D:2)
  A gnoll (D:1)
  5 adders (D:2)
  4 dart slugs
  7 bats
  3 endoplasms (D:1)
  3 giant cockroaches
  14 goblins
  8 hobgoblins
  2 jackals (D:1)
  3 quokkas (D:1)
  6 ball pythons
  3 frilled lizards (D:1)
  2 kobolds (D:1)
  A rat (D:1)
64 creatures vanquished.

Notes
Turn   | Place    | Note
-------+----------+-------------------------------------------
     0 | D:1      | Naiya55 the Formicid Fighter began the quest for the Orb.
     0 | D:1      | Reached XP level 1. HP: 18/18 MP: 1/1
    84 | D:1      | Reached XP level 2. HP: 19/24 MP: 2/2
   262 | D:1      | Found a faded altar of an unknown god.
   434 | D:1      | Reached XP level 3. HP: 30/30 MP: 3/3
  1094 | D:2      | Reached XP level 4. HP: 29/29 MP: 4/4
  1326 | D:2      | Noticed Robin
  1361 | D:2      | Reached XP level 5. HP: 6/41 MP: 5/5
  1553 | D:2      | Killed Robin
  2182 | D:2      | Found a runed translucent door.
  2183 | D:2      | Noticed Crazy Yiuf
  2196 | D:2      | HP: 1/43 [Crazy Yiuf/+3 quarterstaff of chaos (2)]
  2197 | D:2      | Mangled by Crazy Yiuf

Illustrated notes

Levels and vault maps discovered:
D:1:      co_arrival_random_square_maze, layout_loops_corners,
          shapermc_ecumenical_altar_mp_highgroup, nrook_mini_vaults,
          nicolae_grassy_gnolls
D:2:      layout_basic, uniq_crazy_yiuf_cottage, uniq_robin

Skill      XL: |  1  2  3  4 |
---------------+-------------+-----
Axes           | 3 4 |  4.6
Fighting       | 4 |  4.6
Armour         | |  3.2
Shields        | |  4.0

Action                     |  1- 3 |  4- 6 || total
---------------------------+-------+-------++-------
  Melee: War axe           |    86 |    99 ||   185
Ability: Dig               |     5 |       ||     5
    Use: Potion            |     1 |       ||     1
 Armour: Scale mail        |    59 |    95 ||   154
  Dodge: Dodged            |    52 |    35 ||    87
  Block: Buckler           |     3 |       ||     3
         Kite shield       |    34 |    62 ||    96

Table legend: (Time is in decaauts)
 A = Elapsed time spent in this place.
 B = Non-inter-level travel time spent in this place.
 C = Inter-level travel time spent in this place.
 D = Time resting spent in this place.
 E = Time spent auto-exploring this place.
 F = Levels seen in this place.
 G = Mean time per level.
                   A        B        C        D        E       F      G
               +--------+--------+--------+--------+--------+-----+--------+
         Total |   2283 |   2210 |     73 |    142 |   1472 |   2 | 1141.5 |
       Dungeon |   2283 |   2210 |     73 |    142 |   1472 |   2 | 1141.5 |
               +--------+--------+--------+--------+--------+-----+--------+

Top non-repeatable levels by time:
     D:1: 1275 daAuts
     D:2: 1008 daAuts
